 Dungeon Sprint DCSS version 0.24-a0-127-gfc1eed5 (webtiles) character file.

Game seed: 8403368466251075869

7 Faca the Poker (level 2, -3/25 HPs)
             Began as a Merfolk Gladiator on Feb 26, 2019.
             Slain by a sky beast (6 damage)
             ... in the Dungeon (Sprint IX: "|||||||||||||||||||||||||||||").
             The game lasted 00:00:20 (88 turns).

Faca the Poker (Merfolk Gladiator)                    Turns: 88, Time: 00:00:20

Health: -3/25      AC:  4    Str: 14    XL:     2   Next: 4%
Magic:  2/2        EV: 14    Int:  7    God:
Gold:   0          SH:  0    Dex: 15    Spells: 1/1 levels left

rFire    . . .     SeeInvis .   a - +0 trident
rCold    . . .     Gourm    .   (no shield)
rNeg     . . .     Faith    .   b - +0 leather armour
rPois    .         Spirit   .   c - +0 helmet
rElec    .         Reflect  .   (no cloak)
rCorr    .         Harm     .   (no gloves)
MR       .....     NoTele   +   (no boots)
Stlth    +.........             (no amulet)
HPRegen  0.08/turn              (no ring)
MPRegen  0.08/turn              (no ring)

@: no status effects
A: change form in water, swift swim, stealthy swim
a: no special abilities


You were in the Dungeon.
You were not hungry.

You visited 1 branch

Inventory:

Hand Weapons
 a - a +0 trident (weapon)
Missiles
 d - 3 throwing nets (quivered)
Armour
 b - a +0 leather armour (worn)
 c - a +0 helmet (worn)
Scrolls
 k - a scroll of blinking
Potions
 e - a potion of curing
 g - a potion of heal wounds
 h - a potion of haste
 i - 2 potions of magic
 j - a potion of berserk rage
Comestibles
 f - a ration


   Skills:
 + Level 3.7 Fighting
 + Level 5.9 Polearms
 - Level 2.0 Throwing
 - Level 4.0 Dodging


You had one spell level left.
You didn't know any spells.
Your spell library was empty.

Dungeon Overview and Level Annotations

Branches:
Dungeon (1/1)

Altars:


Message History

The sky beast is moderately wounded.
The sky beast flickers out of sight!
Deactivating autopickup; reactivate with Ctrl-A.
You closely miss something. Something hits you. Something shocks you.
You miss something.
The phantom blinks!
Something hits you but does no damage.
You miss something. Something hits you. Something shocks you.
You hit something. Something hits you. Something shocks you.
* * * LOW HITPOINT WARNING * * *
The phantom blinks!
You closely miss something. Something hits you but does no damage.
You miss something. Something barely misses you.
The phantom blinks!
Unknown command.
You hit something but do no damage. Something hits you but does no damage.
You miss something. Something barely misses you.
The phantom blinks!
You hit the phantom.
The phantom is lightly damaged.
Something hits you.
* * * LOW HITPOINT WARNING * * *
Something shocks you.
You die... ▓▓▓▓▓▓▓▓▓▓▓▓▓▓▓▓▓▓ +...sZ{@W..))(..<▓ ▓▓▓▓▓▓▓▓▓▓▓▓▓▓▓▓▓▓

You could see a phantom, a giant cockroach zombie and a giant cockroach.

Vanquished Creatures
  A goblin (D)
  A jackal (D)
  2 kobolds (D)
  A quokka (D)
  A bat (D)
6 creatures vanquished.

Vanquished Creatures (others)
  A spatial maelstrom (D)
1 creature vanquished.

Grand Total: 7 creatures vanquished

Notes
Turn   | Place    | Note
-------+----------+-------------------------------------------
     0 | D        | Faca the Merfolk Gladiator began the quest for the Orb.
     0 | D        | Reached XP level 1. HP: 16/16 MP: 1/1
     7 | D        | Reached skill level 5 in Polearms
     9 | D        | Banished a spatial maelstrom
    77 | D        | Noticed a phantom
    77 | D        | Noticed a sky beast
    78 | D        | Reached XP level 2. HP: 25/25 MP: 2/2
    88 | D        | Slain by a sky beast

Levels and vault maps discovered:
D:        linesprint [early_d, line_temple, items_1, d_10, items_2, lair_1,
          lair_end, items_3, orc_1, orc_end, items_4, d_15, swamp_1, shoals_1,
          snake_1, spider_1, d_20, vaults_1, items_5, swamp_end, shoals_end,
          snake_end, spider_end, vaults_end, d_27, items_6, zot_1, zot_end,
          crypt_end, forest_end, elf_end, slime_end, tomb_end, abyss_end,
          pan_hell_end]

Skill      XL: |  1 |
---------------+----+-----
Polearms       | 5 |  5.9
Fighting       | 3 |  3.7
Throwing       | |  2.0
Dodging        | |  4.0

Action                   || total
-------------------------++-------
Melee: Trident           ||    26
 Stab: Sleeping          ||     1
Armor: Leather armour    ||     4
Dodge: Dodged            ||    14

Table legend:
 A = Non-vault XP
 B = Vault XP
 C = Vault XP percentage of total XP
 D = Non-vault monster count
 E = Vault monster count
 F = Vault count percentage of total count
                 A         B        C        D         E       F
            +---------+---------+-------+---------+---------+-------
      Total |       0 |      11 | 100.0 |       0 |       6 | 100.0
            +---------+---------+-------+---------+---------+-------
          D |       0 |      11 | 100.0 |       0 |       6 | 100.0
            +---------+---------+-------+---------+---------+-------
